 Dungeon Crawl Stone Soup version 0.23.1 (webtiles) character file.

Game seed: 5317333037787778684

2851 Yunesin the Cleaver (level 9, -2/81 HPs)
             Began as a Hill Orc Fighter on Mar 15, 2019.
             Slain by a killer bee (6 damage)
             ... on level 7 of the Dungeon.
             The game lasted 00:40:34 (7070 turns).

Yunesin the Cleaver (Hill Orc Fighter)              Turns: 7070, Time: 00:40:35

Health: -2/81      AC: 17    Str: 19    XL:     9   Next: 74%
Magic:  0/9        EV:  6    Int: 16    God:
Gold:   473        SH:  7    Dex: 10    Spells: 8/8 levels left

rFire    . . .     SeeInvis .   a - +0 war axe
rCold    . . .     Gourm    .   L - +2 buckler
rNeg     . . .     Faith    .   t - +0 plate armour
rPois    .         Spirit   +   w - +0 helmet
rElec    .         Reflect  .   l - scarf {Spirit}
rCorr    .         Harm     .   A - +2 pair of gloves
MR       +....                  (no boots)
Stlth    ..........             (no amulet)
HPRegen  0.23/turn              j - ring of protection from magic
MPRegen  0.11/turn              K - +5 ring of intelligence

@: lethally poisoned (-2 -> -9)
A: no striking features
a: no special abilities


You were on level 7 of the Dungeon.
You were not hungry.

You visited 2 branches of the dungeon, and saw 9 of its levels.
You also visited: Sewer.

You collected 473 gold pieces.

Inventory:

Hand Weapons
 a - a +0 war axe (weapon)
 x - a +1 vampiric war axe
 N - a +0 battleaxe
Armour
 l - a scarf of spirit shield (worn)
 p - a +0 large shield
 t - a +0 plate armour (worn)
 w - a +0 helmet (worn)
 A - a +2 pair of gloves (worn)
 L - a +2 buckler (worn)
Jewellery
 j - a ring of protection from magic (left hand)
 z - an uncursed ring of protection from magic
 E - an uncursed ring of protection from cold
 F - an uncursed ring of protection from magic
 K - a +5 ring of intelligence (right hand)
Wands
 m - a wand of polymorph (7)
 B - a wand of random effects (16)
 J - a wand of flame (16)
 O - a wand of iceblast (8)
Scrolls
 b - 3 scrolls of blinking {unknown}
 g - 2 scrolls of fear {unknown}
 h - a scroll of amnesia
 n - a scroll of enchant weapon {unknown}
 q - 4 scrolls of magic mapping {unknown}
 r - 3 scrolls of identify
 s - 2 scrolls of enchant armour {unknown}
 u - a scroll of immolation {unknown}
 y - a scroll of remove curse
 C - 3 scrolls of fog
 H - 6 scrolls of teleportation
Potions
 c - a potion of mutation
 d - a potion of might
 e - a potion of lignification
 i - 4 potions of curing
 k - 3 potions of brilliance
 o - 6 potions of haste
 v - a potion of agility
 D - 4 potions of magic {unknown}
 G - a potion of flight {unknown}
 M - a potion of degeneration {unknown}
Comestibles
 f - 15 rations


   Skills:
 + Level 8.0 Fighting
 * Level 11.0 Axes
 + Level 7.1 Armour
 + Level 7.2 Shields


You had 8 spell levels left.
You didn't know any spells.
Your spell library contained the following spells:

 Spells                   Type           Power        Failure   Level  Hunger
 Animate Skeleton         Necr           N/A          99%         1    ##.....
 Apportation              Tloc           #.....       99%         1    ##.....
 Confusing Touch          Hex            #.....       99%         1    ##.....
 Summon Small Mammal      Summ           #...         99%         1    ##.....
 Confuse                  Hex            #.......     100%        3    ####...
 Gell's Gravitas          Tloc           #.........   100%        3    ####...
 Petrify                  Tmut/Erth      #.......     100%        4    #####..
 Metabolic Englaciation   Hex/Ice        #.........   100%        5    ######.
 Yara's Violent Unravell  Hex/Tmut       #.........   100%        5    ######.


Dungeon Overview and Level Annotations

Branches:
Dungeon (8/15)             Temple (1/1) D:6
   Lair: D:8-11

Altars:
Ashenzari
Cheibriados
Dithmenos
Elyvilon
Fedhas
Gozag
Hepliaklqana
Kikubaaqudgha
Makhleb
Nemelex Xobeh
Okawaru
Qazlal
Ru
Sif Muna
Trog
Uskayaw
Vehumet
Wu Jian
Xom
Yredelemnul
Zin
The Shining One

Shops:
D:6 *

Annotations:
D:6 exclusion: statue


Message History

* * * LOW HITPOINT WARNING * * *
You are more poisoned.
The killer bee poisons you!
You closely miss the killer bee.
The killer bee is severely wounded.
You feel sick.
The killer bee stings you but does no damage.
You block the killer bee's attack. The killer bee stings you.
* * * LOW HITPOINT WARNING * * *
Your plate armour prevents you from hitting the killer bee.
The killer bee is severely wounded.
You feel sick.
The killer bee stings you but does no damage. x2
The killer bee barely misses you.
Your plate armour prevents you from hitting the killer bee.
The killer bee is severely wounded.
You feel sick. You block the killer bee's attack. The killer bee stings you!
* * * LOW HITPOINT WARNING * * *
The killer bee stings you!
You die...

#.##.#....................÷..)
###.##.#........................
#............##..........##.....
######...<..................#.##
#########...###..........####.#.
#<..............................
#########...###.#############.#.
####...###y..............#.
#..+......@..............#.
#.##...####..............#.
#.....................##.##
#......###............#####
#......# #.##..........##⌠⌠
#......# #..............#⌠.
#......######..........##⌠.
#.......................+..
####..................#.+..


You could see a killer bee (berserk).

Vanquished Creatures
  The ghost of DungeonDestroyer the Charmwright, an amateur GnSk (D:3)
  Edmund (D:6)
  2 water moccasins
  2 sky beasts
  An orc warrior (D:7)
  2 phantoms (D:4)
  A centaur (D:6)
  2 big kobolds (D:7)
  4 bullfrogs
  2 scorpions
  A killer bee (D:8)
  A howler monkey (D:5)
  4 crimson imps
  3 bullfrog zombies (D:3)
  2 jellies
  4 hounds
  An orc priest (D:5)
  4 orc wizards
  An iguana (D:7)
  6 worker ants
  2 killer bee zombies
  A hound zombie (D:4)
  A worker ant zombie (D:3)
  4 gnolls (D:5)
  18 adders
  8 river rats
  6 oozes
  An adder skeleton (D:7)
  6 worms
  2 dart slugs
  9 leopard geckos
  16 orcs
  7 bats
  7 giant cockroaches
  7 goblins
  10 hobgoblins
  10 jackals
  2 quokkas
  17 ball pythons
  11 frilled lizards
  A giant cockroach zombie (D:5)
  14 kobolds
  35 rats
240 creatures vanquished.

Notes
Turn   | Place    | Note
-------+----------+-------------------------------------------
     0 | D:1      | Yunesin the Hill Orc Fighter began the quest for the Orb.
     0 | D:1      | Reached XP level 1. HP: 19/19 MP: 1/1
    72 | D:1      | Reached skill level 3 in Axes
   162 | D:1      | Reached XP level 2. HP: 27/27 MP: 2/2
   500 | D:1      | Reached XP level 3. HP: 31/33 MP: 3/3
   857 | D:2      | Reached skill level 4 in Axes
   920 | D:2      | Reached XP level 4. HP: 17/40 MP: 4/4
  1460 | D:2      | Reached XP level 5. HP: 40/47 MP: 2/5
  2458 | D:3      | Reached skill level 5 in Axes
  2506 | D:3      | Reached XP level 6. HP: 11/55 MP: 2/6
  2770 | D:3      | Found a runed translucent gate.
  2770 | D:3      | Found a runed translucent gate.
  2770 | D:3      | Found a runed translucent gate.
  2771 | D:3      | Noticed DungeonDestroyer's ghost (amateur GnSk)
  2806 | D:3      | Killed DungeonDestroyer's ghost
  2806 | D:3      | Reached skill level 5 in Fighting
  2806 | D:3      | Reached skill level 6 in Axes
  2811 | D:3      | Reached XP level 7. HP: 21/61 MP: 2/7
  3382 | D:4      | Reached skill level 5 in Shields
  3467 | D:4      | Reached skill level 7 in Axes
  3467 | D:4      | Reached skill level 5 in Armour
  4282 | D:5      | Entered Level 5 of the Dungeon
  4314 | D:5      | Reached XP level 8. HP: 68/70 MP: 8/8
  4485 | D:5      | Reached skill level 8 in Axes
  5139 | D:6      | Found a staircase to the Ecumenical Temple.
  5146 | Temple   | Entered the Ecumenical Temple
  5400 | D:6      | Reached skill level 9 in Axes
  5443 | D:6      | Found a glowing drain.
  5492 | Sewer    | Entered a sewer
  5786 | Sewer    | Reached XP level 9. HP: 62/79 MP: 6/9
  5855 | D:6      | Found a radiant altar of Vehumet.
  5940 | D:6      | Found Niuriafo's General Store.
  5960 | D:6      | Noticed Edmund
  5981 | D:6      | Killed Edmund
  6154 | D:6      | Reached skill level 10 in Axes
  6216 | D:6      | Found a snail-covered altar of Cheibriados.
  6784 | D:7      | Reached skill level 11 in Axes
  7027 | D:8      | Noticed a queen bee
  7053 | D:8      | HP: 4/81 [poisoned by a queen bee]
  7070 | D:7      | HP: 4/81 [killer bee (9)]
  7070 | D:7      | Slain by a killer bee

Skill      XL: |  1  2  3  4  5  6  7  8  9 |
---------------+----------------------------+-----
Axes           | 3 4 5 6 7 9 11 | 11.0
Fighting       | 4 5 7 8 |  8.0
Shields        | 4 5 6 7 |  7.2
Armour         | 4 5 6 7 |  7.1

Action                   |  1- 3 |  4- 6 |  7- 9 || total
-------------------------+-------+-------+-------++-------
Melee: War axe           |   142 |   206 |   710 ||  1058
  Use: Scroll            |     5 |     5 |     4 ||    14
       Potion            |       |     1 |     6 ||     7
  Eat: Chunk             |       |     6 |    13 ||    19
       Ration            |       |     1 |       ||     1
Armor: Scale mail        |    60 |    31 |       ||    91
       Plate armour      |       |    85 |   464 ||   549
Dodge: Dodged            |    48 |    38 |   100 ||   186
Block: Shield            |    83 |    40 |       ||   123
       Large shield      |       |   143 |   507 ||   650
       Buckler           |       |       |    84 ||    84
